 Dungeon Crawl Stone Soup version 0.23-a0-831-g5da158a (webtiles) character file.

93041 Blackhawk the Fighter (level 15, -15/122 HPs)
             Began as a Demonspawn Fighter on Jan 23, 2019.
             Was the Champion of Okawaru.
             Demolished by an alligator (16 damage)
             ... called by a spriggan druid
             ... on level 3 of the Swamp.
             The game lasted 01:56:41 (26705 turns).

Blackhawk the Fighter (Demonspawn Fighter)         Turns: 26705, Time: 01:56:42

Health: -15/122    AC: 31    Str: 25    XL:     15   Next: 59%
Magic:  0/7        EV: 13    Int: 10    God:    Okawaru [******]
Gold:   2236       SH: 14    Dex: 20    Spells: 14/14 levels left

rFire    . . .     SeeInvis .   a - +10 war axe of Jeupsi {antimagic, +Inv rC- Dex+2}
rCold    x . .     Gourm    +   c - +0 shield
rNeg     . . .     Faith    .   g - +10 plate armour {ponderous}
rPois    +         Spirit   +   P - +2 hat {MR+}
rElec    .         Reflect  .   V - scarf {Spirit}
rCorr    .         Harm     .   u - +1 pair of gloves
MR       ++...                  w - +0 pair of boots {Stlth+}
Stlth    +.........             J - amulet of the gourmand
HPRegen  0.30/turn              s - +4 ring of strength
MPRegen  0.10/turn              x - ring of poison resistance

@: slow
A: claws 2, thin skeletal structure 2, demonic guardian 1, nightstalker 2
a: Heroism, Finesse, Renounce Religion, Evoke Invisibility


You were on level 3 of the Swamp.
You worshipped Okawaru.
Okawaru was exalted by your worship.
You were not hungry.

You visited 5 branches of the dungeon, and saw 22 of its levels.
You also visited: Ossuary, Gauntlet, Ice Cave and Volcano.

You collected 2559 gold pieces.
You spent 323 gold pieces at shops.

Inventory:

Hand Weapons
 a - the +10 war axe of Jeupsi (weapon) {antimagic, +Inv rC- Dex+2}
   (You bought it in a shop on level 2 of the Orcish Mines)

   It reduces the magical energy of the wielder, and disrupts the spells and
   magical abilities of those hit.
   Natural abilities and divine invocations are not affected.
   It affects your dexterity (+2).
   It makes you vulnerable to cold.
   It lets you turn invisible.
 b - a +2 broad axe of flaming
 i - a +4 hand axe of freezing
 K - a +1 broad axe of venom
Missiles
 m - 2 throwing nets (quivered)
Armour
 c - a +0 shield (worn)
 g - a +10 plate armour of ponderousness (worn)
 u - a +1 pair of gloves (worn)
 w - a +0 pair of boots of stealth (worn)
 P - a +2 hat of magic resistance (worn)
 V - a scarf of spirit shield (worn)
Jewellery
 s - a +4 ring of strength (left hand)
 v - a +4 ring of strength
 x - a ring of poison resistance (right hand)
 y - an uncursed ring of protection from cold
 H - an uncursed amulet of regeneration
 J - an amulet of the gourmand (around neck)
 X - a +4 ring of dexterity
Wands
 q - a wand of disintegration (33)
 t - a wand of flame (16)
 D - a wand of iceblast (10)
 M - a wand of paralysis (13)
 Q - a wand of digging (4)
 R - a wand of polymorph (15)
Scrolls
 e - 3 scrolls of immolation
 h - 12 scrolls of remove curse
 o - a scroll of fear
 p - 2 scrolls of amnesia
 B - 3 scrolls of fog
 C - a scroll of holy word {unknown}
 L - 3 scrolls of teleportation
 T - 3 scrolls of enchant armour
Potions
 d - 5 potions of might
 j - 3 potions of cancellation
 k - 6 potions of curing
 l - 5 potions of flight
 n - 3 potions of magic
 r - 7 potions of brilliance
 z - a potion of ambrosia
 A - 3 potions of mutation
 E - a potion of invisibility {unknown}
 F - 5 potions of lignification
 G - a potion of haste
 I - 2 potions of berserk rage
 O - a potion of resistance
 U - 4 potions of agility
Miscellaneous
 W - a phantom mirror
Comestibles
 f - 46 rations


   Skills:
 + Level 12.8 Fighting
 + Level 11.6 Axes
 + Level 11.8 Armour
 + Level 9.0 Dodging
 + Level 11.8 Shields
 - Level 11.4 Invocations
 + Level 3.5 Evocations


You had 14 spell levels left.
You didn't know any spells.
Your spell library contained the following spells:

 Spells                   Type           Power        Failure   Level  Hunger
 Animate Skeleton         Necr           N/A          99%         1    ##.....
 Apportation              Tloc           #.....       99%         1    ##.....
 Confusing Touch          Hex            #.....       99%         1    ##.....
 Corona                   Hex            #......      99%         1    ##.....
 Flame Tongue             Conj/Fire      #....        99%         1    ##.....
 Summon Butterflies       Summ           #.......     99%         1    ##.....
 Summon Small Mammal      Summ           #...         99%         1    ##.....
 Ensorcelled Hibernation  Hex/Ice        #.....       100%        2    ###....
 Poisonous Vapours        Pois/Air       #.....       100%        2    ###....
 Throw Flame              Conj/Fire      #.....       100%        2    ###....
 Throw Frost              Conj/Ice       #.....       100%        2    ###....
 Call Canine Familiar     Summ           #.......     100%        3    ####...
 Confuse                  Hex            #.......     100%        3    ####...
 Conjure Flame            Conj/Fire      #.......     100%        3    ####...
 Dazzling Spray           Conj/Hex       #.....       100%        3    ####...
 Gell's Gravitas          Tloc           #.........   100%        3    ####...
 Inner Flame              Hex/Fire       #.......     100%        3    ####...
 Mephitic Cloud           Conj/Pois/Air  #.......     100%        3    ####...
 Tukima's Dance           Hex            #.......     100%        3    ####...
 Cause Fear               Hex            #.........   100%        4    #####..
 Petrify                  Tmut/Erth      #.......     100%        4    #####..
 Sticky Flame             Conj/Fire      #.......     100%        4    #####..
 Summon Ice Beast         Ice/Summ       #.......     100%        4    #####..
 Throw Icicle             Conj/Ice       #.......     100%        4    #####..
 Borgnjor's Vile Clutch   Necr/Erth      #.........   100%        5    ######.
 Fireball                 Conj/Fire      #.........   100%        5    ######.
 Metabolic Englaciation   Hex/Ice        #.........   100%        5    ######.
 Silence                  Hex/Air        #.........   100%        5    ######.
 Summon Mana Viper        Hex/Summ       #.......     100%        5    ######.
 Yara's Violent Unravell  Hex/Tmut       #.........   100%        5    ######.
 Bolt of Cold             Conj/Ice       #.........   100%        6    #######
 Darkness                 Hex            #.........   100%        6    #######
 Deflect Missiles         Chrm/Air       #.........   100%        6    #######
 Freezing Cloud           Conj/Ice/Air   #.........   100%        6    #######
 Shadow Creatures         Summ           N/A          100%        6    #######
 Simulacrum               Ice/Necr       #.........   100%        6    #######
 Ring of Flames           Chrm/Fire      #.........   100%        7    #######
 Summon Hydra             Summ           #.........   100%        7    #######
 Discord                  Hex            #.........   100%        8    #######


Dungeon Overview and Level Annotations

Branches:
Dungeon (10/15)            Temple (1/1) D:4            Lair (6/6) D:10
  Swamp (3/4) Lair:3        Snake (0/4) Lair:2        Slime (0/5) Lair:6
    Orc (2/2) D:9             Elf (0/3) Orc:2

Altars:
Cheibriados
Fedhas
Gozag
Hepliaklqana
Kikubaaqudgha
Nemelex Xobeh
Okawaru
Qazlal
Ru
Trog
Vehumet
Wu Jian
Yredelemnul
Zin
The Shining One
Beogh

Shops:
D:4 [   Orc:2 (([:*

Annotations:
Lair:2 exclusion: 2 oklob plants
Lair:3 3 runed doors
Lair:4 3 runed doors, Voug's ghost, journeyman FeTm
Lair:6 1 exclusion
Orc:1 2 transporters, Pimponk's ghost, journeyman MiBe


Innate Abilities, Weirdness & Mutations

You have very sharp fingernails.
You have a moderately thin skeletal structure. (Dex +4, Stealth+)
A weak demonic guardian rushes to your aid.
You are significantly more attuned to the shadows.


Message History

You slash the alligator!
The alligator is moderately wounded.
You hit the alligator. You barely miss the spriggan druid.
You hit the alligator but do no damage.
The alligator puts on a burst of speed!
You block the alligator's attack.
The alligator tail-slaps you but does no damage.
The alligator bites you!
* * * LOW HITPOINT WARNING * * *
The alligator tail-slaps you but does no damage.
The swamp worm throws harpoon shot at you.
The harpoon shot misses you.
You feel better. You block the alligator's attack.
The alligator tail-slaps you but does no damage.
The spriggan druid falters for a moment.
The alligator barely misses you. The alligator completely misses you.
The alligator bites you!
* * * LOW HITPOINT WARNING * * *
The alligator tail-slaps you but does no damage.
The alligator bites you!
You die...

≈..≈.≈.§≈≈≈.♣
≈≈...≈..♣≈≈.♣
≈.≈≈≈≈.♣≈≈≈♣
..≈≈≈≈≈≈.≈§♣♣♣♣
≈.≈....≈≈≈≈...♣♣♣
≈.♣≈≈≈.≈≈≈.≈≈≈..♣♣
....♣≈.≈≈..≈.≈...♣♣♣ ♣
.♣♣≈≈≈≈.t≈≈≈≈♣≈≈≈..♣♣≈♣♣.
♣≈...†@t§§≈≈≈≈≈≈..♣≈...
♣♣≈≈≈)it.≈§≈.≈.≈...≈≈≈.
♣.≈w.≈≈.♣♣♣....≈.♣....
≈.≈≈...≈.♣ ♣♣♣.......≈≈
...>.≈.≈≈♣ ♣♣♣......≈
.....≈§≈≈♣ ♣♣...♣..
≈....≈.≈≈≈ ♣≈.♣♣♣. ♣PP♣
♣♣ ♣..♣ ♣


You could see 3 alligators, a spriggan druid and a swamp worm.

Vanquished Creatures
  Nikola (Swamp:3)
  2 thorn hunters
  Kirke (Lair:4)
  A frost giant (IceCv)
  An orc warlord (D:9)
  A very ugly thing (Swamp:1)
  A red draconian (Volcano)
  A fire dragon (Lair:6)
  9 hydras
  A shambling mangrove (Swamp:3)
  2 two-headed ogres
  7 alligators
  A centaur warrior (D:10)
  2 death yaks
  An orc high priest (Orc:2)
  A salamander mystic (Volcano)
  2 swamp dragons
  6 orc knights
  4 orc sorcerers
  A wolf spider (Lair:6)
  5 salamanders (Volcano)
  A manticore (D:9)
  10 elephants
  A guardian serpent (Lair:6)
  2 torpor snails
  A molten gargoyle (Volcano)
  8 black mambas
  19 spiny frogs
  An ice statue (IceCv)
  4 komodo dragons
  A kobold demonologist (D:10)
  2 rime drakes
  15 polar bears (IceCv)
  2 trolls (Orc:2)
  2 tyrant leeches (Swamp:1)
  4 hornets
  4 bog bodies
  7 blink frogs
  3 slime creatures (Lair:6)
  A snapping turtle (Lair:6)
  8 hippogriffs
  2 redbacks (Lair:6)
  2 spriggans
  14 wyverns
  5 fire bats (Volcano)
  2 basilisks
  4 hogs (Lair:4)
  8 vampire mosquitoes
  Grum (Lair:1)
  5 steam dragons
  39 yaks
  5 wargs
  13 insubstantial wisps
  2 acid dragons
  4 nagas (Lair:2)
  7 swamp worms
  9 porcupines
  21 water moccasins
  32 orc warriors
  6 swamp drakes
  2 sky beasts
  2 black bears
  8 ogres
  10 ice beasts
  2 phantoms (D:6)
  An eye of draining (D:8)
  31 wolves
  3 centaurs
  14 crocodiles
  Blork the orc (D:5)
  2 big kobolds (D:10)
  16 bullfrogs
  A scorpion (Lair:2)
  14 killer bees
  14 wights
  A howler monkey (D:5)
  A crimson imp (D:6)
  6 lava snakes (Volcano)
  A centaur skeleton (D:4)
  A centaur zombie (Ossuary)
  3 hounds
  3 jellies
  12 orc priests
  3 bullfrog skeletons
  Ijyb (D:3)
  4 iguanas
  16 orc wizards
  Natasha (thrice) (D:3)
  6 worker ants
  2 hell rats (Lair:3)
  A hound zombie (D:6)
  A hound skeleton (D:5)
  Robin (D:3)
  A howler monkey zombie (D:6)
  5 mummies (Ossuary)
  6 gnolls
  11 adders
  7 river rats (Lair:3)
  2 shadow imps
  An ooze (D:6)
  3 worms
  A dart slug (D:5)
  4 leopard geckos
  70 orcs
  5 ball pythons
  7 bats
  4 giant cockroaches
  2 gnoll zombies (Ossuary)
  9 hobgoblins
  5 jackals
  15 kobolds
  6 quokkas
  7 frilled lizards
  14 goblins
  A goblin skeleton (D:5)
  2 goblin zombies
  2 hobgoblin zombies
  3 kobold zombies
  4 orc zombies
  2 quokka skeletons
  7 rats
  2 briar patches (Swamp:2)
  11 fungi
  4 plants
738 creatures vanquished.

Vanquished Creatures (collateral kills)
  An orc warlord (Orc:2)
  A hydra (Lair:4)
  An orc sorcerer (Orc:2)
  A black mamba (Lair:6)
  2 kobold demonologists (D:10)
  3 spiny frogs
  2 hornets (Lair:6)
  A blink frog (Lair:2)
  A bog body (Swamp:3)
  4 yaks
  2 vampire mosquitoes (Swamp:2)
  A swamp worm (Swamp:3)
  A water moccasin (D:9)
  2 orc warriors (Orc:2)
  An ice beast (Orc:1)
  A black bear (D:9)
  2 wolves
  A bullfrog (Lair:2)
  A gnoll sergeant (D:10)
  An orc wizard (Orc:2)
  A gnoll (D:10)
  A river rat (Lair:3)
  An orc (D:10)
33 creatures vanquished.

Vanquished Creatures (others)
  A hornet (Swamp:3)
  A crocodile (Lair:6)
  21 fungi
  46 plants
69 creatures vanquished.

Grand Total: 840 creatures vanquished

Notes
Turn   | Place    | Note
-------+----------+-------------------------------------------
     0 | D:1      | Blackhawk the Demonspawn Fighter began the quest for the
                  | Orb.
     0 | D:1      | Reached XP level 1. HP: 18/18 MP: 1/1
   137 | D:1      | Gained mutation: You have sharp fingernails. [demonic
                  | ancestry]
   137 | D:1      | Reached XP level 2. HP: 24/24 MP: 2/2
   696 | D:2      | Reached XP level 3. HP: 29/29 MP: 3/3
  1441 | D:2      | Gained mutation: You have very sharp fingernails. [demonic
                  | ancestry]
  1441 | D:2      | Reached XP level 4. HP: 35/35 MP: 4/4
  2232 | D:3      | Noticed Robin
  2242 | D:3      | Killed Robin
  2391 | D:3      | Noticed Natasha
  2406 | D:3      | Killed Natasha
  2406 | D:3      | Gained mutation: You are slightly more attuned to the
                  | shadows. [demonic ancestry]
  2406 | D:3      | Reached XP level 5. HP: 38/42 MP: 5/5
  2468 | D:3      | Reached skill level 4 in Fighting
  2704 | D:3      | Noticed Natasha
  2714 | D:3      | Killed Natasha
  2867 | D:3      | Noticed Ijyb
  2896 | D:3      | Killed Ijyb
  2951 | D:3      | Noticed Natasha
  2962 | D:3      | Killed Natasha
  3047 | D:4      | Noticed a sky beast
  3077 | D:4      | Killed a sky beast
  3077 | D:4      | Reached XP level 6. HP: 14/49 MP: 6/6
  3442 | D:4      | Found Riulojosch's Armour Emporium.
  3709 | D:4      | Found a staircase to the Ecumenical Temple.
  3741 | Temple   | Entered the Ecumenical Temple
  3843 | Temple   | Became a worshipper of Warmaster Okawaru
  4268 | D:5      | Entered Level 5 of the Dungeon
  4313 | D:5      | Found a glowing golden altar of the Shining One.
  4414 | D:5      | Reached XP level 7. HP: 50/55 MP: 7/7
  4437 | D:5      | Noticed Blork the orc
  4455 | D:5      | Killed Blork the orc
  4690 | D:5      | Found a basalt altar of Yredelemnul.
  4746 | D:5      | Reached skill level 5 in Fighting
  5441 | D:6      | Found a sand-covered staircase.
  5447 | Ossuary  | Entered an ossuary
  5764 | D:6      | Found a bloodstained altar of Trog.
  5771 | D:6      | Found a sacrificial altar of Ru.
  5773 | D:6      | Found a glowing silver altar of Zin.
  5774 | D:6      | Found an ancient bone altar of Kikubaaqudgha.
  5776 | D:6      | Found a radiant altar of Vehumet.
  5971 | D:6      | Reached * piety under Okawaru
  6032 | D:6      | Reached skill level 5 in Armour
  6241 | D:6      | Gained mutation: A weak demonic guardian rushes to your
                  | aid. [demonic ancestry]
  6241 | D:6      | Reached XP level 8. HP: 63/63 MP: 8/8
  6271 | D:6      | Reached skill level 5 in Shields
  6694 | D:7      | Reached skill level 6 in Fighting
  6694 | D:7      | Reached skill level 5 in Axes
  6952 | D:7      | Reached ** piety under Okawaru
  7514 | D:7      | Gained mutation: You are significantly more attuned to the
                  | shadows. [demonic ancestry]
  7514 | D:7      | Reached XP level 9. HP: 65/71 MP: 9/9
  8124 | D:8      | Noticed a two-headed ogre
  8142 | D:8      | Reached skill level 7 in Fighting
  8158 | D:8      | HP: 1/72 [two-headed ogre/+0 dire flail (13)]
  8163 | D:8      | Killed a two-headed ogre
  8163 | D:8      | Reached *** piety under Okawaru
  8163 | D:8      | Reached **** piety under Okawaru
  9118 | D:9      | Noticed a two-headed ogre
  9118 | D:9      | Noticed a manticore
  9208 | D:9      | Gained mutation: You have a somewhat thin skeletal
                  | structure. (Dex +2, Stealth) [demonic ancestry]
  9208 | D:9      | Reached XP level 10. HP: 77/80 MP: 10/10
  9300 | D:9      | Reached skill level 8 in Fighting
  9417 | D:9      | Killed a manticore
  9417 | D:9      | Reached ***** piety under Okawaru
  9460 | D:9      | Killed a two-headed ogre
  9625 | D:9      | Found an opulent altar of Gozag.
  9702 | D:9      | Found a staircase to the Orcish Mines.
  9762 | D:10     | Entered Level 10 of the Dungeon
  9777 | D:9      | Received a gift from Okawaru
 10280 | D:10     | Noticed a centaur warrior
 10292 | D:10     | Killed a centaur warrior
 10292 | D:10     | Reached skill level 9 in Fighting
 10292 | D:10     | Reached skill level 1 in Invocations
 10411 | D:10     | Reached skill level 1 in Dodging
 10455 | D:10     | Found a staircase to the Lair.
 10732 | D:10     | Reached XP level 11. HP: 63/89 MP: 9/12
 10949 | D:10     | Found a blossoming altar of Fedhas.
 11118 | Lair:1   | Entered Level 1 of the Lair of Beasts
 11337 | Lair:1   | Found a hazy altar of Hepliaklqana.
 11460 | Lair:1   | Found a gate leading to a gauntlet.
 11466 | Gauntlet | Entered a Gauntlet
 11466 | Gauntlet | Found a transporter.
 11471 | Gauntlet | Found a transporter.
 11483 | Gauntlet | Noticed an entropy weaver
 11488 | Gauntlet | Found a transporter.
 11490 | Gauntlet | Found a transporter.
 11507 | Gauntlet | Found a transporter.
 11519 | Gauntlet | Found a runed translucent door.
 11530 | Gauntlet | Found a runed translucent door.
 11554 | Gauntlet | Noticed an orange crystal statue
 11556 | Gauntlet | Found a transporter.
 11571 | Gauntlet | Found a transporter.
 11575 | Gauntlet | Found a transporter.
 11585 | Gauntlet | Noticed a glowing orange brain
 11592 | Gauntlet | Found a transporter.
 11602 | Gauntlet | Noticed a death scarab
 11605 | Gauntlet | Found a transporter.
 11606 | Gauntlet | Found a runed translucent door.
 11610 | Gauntlet | Found a transporter.
 11614 | Gauntlet | Found a transporter.
 11621 | Gauntlet | Noticed a ghost crab
 11622 | Gauntlet | Noticed a death scarab
 11662 | Gauntlet | Noticed a red ugly thing
 11828 | Lair:1   | Noticed Grum
 11841 | Lair:1   | Killed Grum
 12164 | Lair:2   | Noticed an oklob plant
 12164 | Lair:2   | Noticed an oklob plant
 12547 | Lair:2   | Received a gift from Okawaru
 12967 | Lair:2   | Reached skill level 5 in Invocations
 13393 | Lair:2   | Reached XP level 12. HP: 77/97 MP: 12/16
 13468 | Lair:2   | Found a staircase to the Snake Pit.
 13593 | Lair:2   | Reached skill level 10 in Fighting
 13782 | Lair:2   | Upgraded the game from 0.23-a0-829-ge13c4b7 to
                  | 0.23-a0-831-g5da158a
 13822 | Lair:3   | Found a runed gate.
 13822 | Lair:3   | Found a runed gate.
 13822 | Lair:3   | Found a runed gate.
 13887 | Lair:3   | Found a staircase to the Swamp.
 14004 | Lair:3   | Noticed a five-headed hydra
 14037 | Lair:3   | Killed a ten-headed hydra
 14870 | Lair:4   | Noticed a five-headed hydra
 14876 | Lair:4   | Received a gift from Okawaru
 14949 | Lair:3   | Killed a ten-headed hydra
 15086 | Lair:4   | Found a runed gate.
 15086 | Lair:4   | Found a runed gate.
 15087 | Lair:4   | Found a runed gate.
 15157 | Lair:4   | Noticed a five-headed hydra
 15193 | Lair:4   | Noticed a minotaur
 15242 | Lair:4   | Killed a one-headed hydra
 15329 | Lair:4   | Noticed Sonja
 15330 | Lair:4   | Noticed Sonja
 15330 | Lair:4   | Sonja changed into Sonja the warg
 15338 | Lair:4   | Killed Sonja the warg
 15561 | Lair:4   | Noticed Voug's ghost (journeyman FeTm)
 15691 | Lair:4   | Reached skill level 5 in Dodging
 15727 | Lair:4   | Reached ****** piety under Okawaru
 15856 | Lair:4   | Noticed Kirke
 15875 | Lair:4   | Killed Kirke
 15942 | Lair:4   | Noticed a six-headed hydra
 15965 | Lair:4   | Noticed a five-headed hydra
 15987 | Lair:4   | Killed a two-headed hydra
 15987 | Lair:4   | Received a gift from Okawaru
 16097 | Lair:4   | Killed a two-headed hydra
 16097 | Lair:4   | Gained mutation: You have a moderately thin skeletal
                  | structure. (Dex +4, Stealth+) [demonic ancestry]
 16097 | Lair:4   | Reached XP level 13. HP: 104/104 MP: 19/19
 16349 | Lair:5   | Got a transparent falchion
 16483 | Lair:5   | You fall through a shaft!
 16483 | Lair:6   | Entered Level 6 of the Lair of Beasts
 16483 | Lair:6   | Found a staircase to the Slime Pits.
 16503 | Lair:6   | Reached skill level 10 in Armour
 16665 | Lair:5   | Reached skill level 10 in Shields
 16975 | Lair:5   | Found a dark tunnel.
 16983 | Volcano  | Entered a volcano
 17165 | Volcano  | Noticed a red draconian
 17170 | Volcano  | Found a radiant altar of Vehumet.
 17185 | Volcano  | Reached skill level 11 in Fighting
 17198 | Volcano  | Killed a red draconian
 17198 | Volcano  | Received a gift from Okawaru
 17198 | Volcano  | Reached skill level 10 in Axes
 18148 | Lair:6   | Paralysed by a hornet for 2 turns
 18155 | Lair:6   | Paralysed by a hornet for 2 turns
 18313 | Lair:6   | Received a gift from Okawaru
 18719 | Lair:6   | Noticed Nessos
 18720 | Lair:6   | Noticed Nessos
 18720 | Lair:6   | Nessos changed into Nessos the snapping turtle
 18739 | Lair:6   | Killed Nessos the snapping turtle
 19327 | Lair:6   | Got a translucent trident
 19358 | Lair:6   | Reached XP level 14. HP: 113/113 MP: 21/21
 19409 | Lair:6   | Reached skill level 10 in Invocations
 19795 | Lair:6   | Identified the cursed +0 trident of Valour {vamp, rElec}
                  | (You found it on level 6 of the Lair of Beasts)
 20543 | Orc:1    | Entered Level 1 of the Orcish Mines
 20569 | Orc:1    | Noticed Pimponk's ghost (journeyman MiBe)
 20574 | Orc:1    | Found a transporter.
 20620 | Orc:1    | Found a transporter.
 20868 | Orc:1    | Noticed an orc warlord
 20956 | D:9      | Killed an orc warlord
 21045 | Orc:1    | Found a frozen archway.
 21072 | Orc:1    | Received a gift from Okawaru
 21105 | IceCv    | Entered an ice cave
 21650 | IceCv    | Reached skill level 12 in Fighting
 21751 | IceCv    | Noticed a frost giant
 21768 | IceCv    | Killed a frost giant
 21822 | IceCv    | Identified the Volume of Ice
 22049 | Orc:1    | Found a roughly hewn altar of Beogh.
 22156 | Orc:2    | Entered Level 2 of the Orcish Mines
 22187 | Orc:1    | Paralysed by an orc sorcerer for 2 turns
 22355 | Orc:2    | Found Nodeir's Antique Weapon Shoppe.
 22523 | Orc:2    | Found Xefiv's Antique Armour Shoppe.
 22539 | Orc:2    | Noticed an orc warlord
 22560 | Orc:2    | Killed an orc warlord
 22830 | Orc:2    | Received a gift from Okawaru
 22978 | Orc:2    | Found Suapni's Book Shop.
 23071 | Orc:2    | Found Qoyjuekk's General Store.
 23297 | Orc:2    | Found a staircase to the Elven Halls.
 23364 | Orc:2    | Found Ufeasud's Antique Weapon Boutique.
 23643 | Orc:2    | Bought a faintly glowing war axe for 323 gold pieces
 23643 | Orc:2    | Identified the +10 war axe of Jeupsi {antimagic, +Inv rC-
                  | Dex+2} (You bought it in a shop on level 2 of the Orcish
                  | Mines)
 23806 | Swamp:1  | Entered Level 1 of the Swamp
 23818 | Swamp:1  | Noticed a red very ugly thing
 23832 | Swamp:1  | Killed a red very ugly thing
 23832 | Swamp:1  | Reached XP level 15. HP: 81/122 MP: 3/23
 24050 | Swamp:1  | Reached skill level 1 in Evocations
 24934 | Swamp:2  | Received a gift from Okawaru
 25989 | Swamp:2  | Noticed a thorn hunter
 26003 | Swamp:2  | Killed a thorn hunter
 26595 | Swamp:3  | Noticed a thorn hunter
 26610 | Swamp:3  | Killed a thorn hunter
 26633 | Swamp:3  | Noticed Nikola
 26659 | Swamp:3  | Killed Nikola
 26659 | Swamp:3  | Received a gift from Okawaru
 26705 | Swamp:3  | HP: 1/122 [alligator[a spriggan druid] (14)]
 26705 | Swamp:3  | Demolished by an alligator

Vault maps used:
D:1:      minmay_arrival_hallway
D:2:      minmay_divided_ellipse
D:3:      uniq_natasha, uniq_robin, uniq_ijyb
D:4:      minmay_temple_entry_antechambers, serial_shops, kennysheep_mini
D:5:      nicolae_tso_besieged_by_evil, first_ration, yredelemnul_altar_generic,
          uniq_blork_the_orc
D:6:      minitemple, nicolae_ossuary_entry_false_entrances
D:9:      nicolae_gozag_seed_capital, orc_0_dummy, grunt_ogre_cave
D:10:     grunt_lair_entry_orc_guard_hut, basic_altar
Temple:   regret_index_temple_generic_petals
Lair:1:   gauntlet_entry_generic, basic_altar, serial_bayou_shore_b, uniq_grum
Lair:2:   minmay_snake_entry_guardpost_small, grunt_megastairs_3,
          lemuel_fruit_tree, minmay_lair_oklob_chamber
Lair:3:   swamp_mist, gammafunk_ghost_necromancy, kennysheep_abandoned_house
Lair:4:   cheibrodos_lair_overgrown_chateau, maelrawn_ghost_gauntlet_escape,
          lemuel_fruit_fields, uniq_sonja, uniq_kirke
Lair:5:   enter_volcano_2, guppyfry_lair_drakes
Lair:6:   hangedman_lair_tendril_chambers, guppyfry_lair_end_dragon,
          minmay_slime_entry_pillars, uniq_nessos
Swamp:1:  nicolae_swamp_feature_on_the_river_bank, nicolae_island_escapes
Swamp:2:  evilmike_swamp_ruin_house_3
Swamp:3:  evilmike_swamp_ruin_rubble_2, swamp_pool3, uniq_roxanne, uniq_nikola,
          uniq_jorgrun
Orc:1:    portal_ice_cave_entry_ice_beasts, gammafunk_ghost_arena,
          minmay_orc_temple_b
Orc:2:    grunt_orc_gardens, grunt_orc_garden, grunt_orc_garden,
          grunt_orc_garden, grunt_orc_garden, serial_shops, shop_fountains,
          guppyfry_library_mini
Ossuary:  ossuary_crypta
IceCv:    ice_cave_caverns_01
Volcano:  volcano_grotto
Gauntlet: minmay_gauntlet_mixed_oops_all_seconds

Skill      XL: |  1  2  3  4  5  6  7  8  9 10 11 12 13 14 15 |
---------------+----------------------------------------------+-----
Axes           | 2 3 4 5 6 7 8 9 10 11 | 11.6
Shields        | 3 4 5 7 8 9 10 11 | 11.8
Armour         | 3 4 5 6 7 8 9 10 11 | 11.8
Fighting       | 4 5 6 7 9 10 11 12 | 12.8
Invocations    | 2 5 8 9 11 | 11.4
Dodging        | 1 3 5 7 8 9 |  9.0
Evocations     | 3 |  3.5

Action                   |  1- 3 |  4- 6 |  7- 9 | 10-12 | 13-15 || total
-------------------------+-------+-------+-------+-------+-------++-------
Melee: War axe           |   125 |   243 |   177 |       |   287 ||   832
       Hand axe          |       |       |   288 |   887 |   784 ||  1959
       Glaive            |       |       |       |    16 |    13 ||    29
       Broad axe         |       |       |       |       |   557 ||   557
Invok: Heroism           |       |       |       |     4 |     9 ||    13
       Finesse           |       |       |       |       |     3 ||     3
Evoke: Wand              |       |       |     3 |    19 |    31 ||    53
  Use: Scroll            |       |       |    17 |     8 |    13 ||    38
       Potion            |       |       |       |       |    10 ||    10
 Stab: Sleeping          |       |     1 |       |       |     1 ||     2
       Confused          |       |       |     1 |     1 |       ||     2
       Paralysed         |       |       |       |    13 |       ||    13
       Distracted        |       |       |       |     5 |    15 ||    20
  Eat: Chunk             |     2 |    10 |     9 |    23 |    36 ||    80
       Ration            |       |       |     2 |       |     2 ||     4
Armor: Scale mail        |    78 |    93 |       |       |       ||   171
       Chain mail        |       |    19 |   226 |   287 |       ||   532
       Crystal plate arm |       |       |       |   140 |   226 ||   366
       Plate armour      |       |       |       |       |   602 ||   602
Dodge: Dodged            |    40 |    82 |    88 |   278 |   622 ||  1110
Block: Shield            |    78 |   120 |   245 |   494 |  1072 ||  2009

Table legend:
 A = Non-vault XP
 B = Vault XP
 C = Vault XP percentage of total XP
 D = Non-vault monster count
 E = Vault monster count
 F = Vault count percentage of total count
                 A         B        C        D         E       F
            +---------+---------+-------+---------+---------+-------
      Total |   70945 |   61971 |  46.6 |     461 |     293 |  38.9
            +---------+---------+-------+---------+---------+-------
        D:1 |      36 |       0 |   0.0 |      23 |       0 |   0.0
        D:2 |      37 |      48 |  56.5 |      18 |      13 |  41.9
        D:3 |     151 |     101 |  40.1 |      20 |      10 |  33.3
        D:4 |     325 |       0 |   0.0 |      14 |       0 |   0.0
        D:5 |     127 |     118 |  48.2 |       8 |       9 |  52.9
        D:6 |     833 |       0 |   0.0 |      22 |       0 |   0.0
        D:7 |    1499 |       0 |   0.0 |      36 |       0 |   0.0
        D:8 |    1627 |       0 |   0.0 |      15 |       0 |   0.0
        D:9 |    4717 |     109 |   2.3 |      30 |       1 |   3.2
       D:10 |    3023 |     557 |  15.6 |      33 |       5 |  13.2
     Lair:1 |    1686 |     540 |  24.3 |      10 |       4 |  28.6
     Lair:2 |    7254 |    2026 |  21.8 |      35 |      10 |  22.2
     Lair:3 |    3977 |    1076 |  21.3 |      16 |      14 |  46.7
     Lair:4 |    2764 |    7762 |  73.7 |      14 |      24 |  63.2
     Lair:5 |    5271 |     620 |  10.5 |      17 |       4 |  19.0
     Lair:6 |    6528 |   13886 |  68.0 |      19 |      51 |  72.9
    Swamp:1 |    9814 |       0 |   0.0 |      30 |       0 |   0.0
    Swamp:2 |   10793 |       0 |   0.0 |      28 |       0 |   0.0
    Swamp:3 |    5982 |    3970 |  39.9 |      11 |       1 |   8.3
      Orc:1 |    1286 |    2274 |  63.9 |      14 |      24 |  63.2
      Orc:2 |    3215 |    8925 |  73.5 |      48 |      33 |  40.7
    Ossuary |       0 |     140 | 100.0 |       0 |      13 | 100.0
      IceCv |       0 |   13679 | 100.0 |       0 |      58 | 100.0
    Volcano |       0 |    6140 | 100.0 |       0 |      19 | 100.0
            +---------+---------+-------+---------+---------+-------
